Map: Polka LE

Players

qqq

  • Race: Zerg Zerg
  • Spawn Location: 5:00

Massa

  • Race: Terran Terran
  • League: Platinum
  • Spawn Location: 5:00

Sego - Winner!

  • Race: Zerg Zerg
  • Spawn Location: 11:00

Liken - Winner!

  • Race: Protoss Protoss
  • Spawn Location: 11:00

VOD

Have the link to the VOD?

Description

Time

  • Played on: Jan. 30, 2021, 12:11 p.m.
  • Length: 16:43
Show
View Real Time Build Order
Export as new Build Order

qqq Zerg 

Build Orders: Hatch First, Lurkers 

Get SALT Encoding   

  12  0:03  Drone  
  13  0:10  Drone  
  14  0:22  Overlord  
  14  0:45  Hatchery  
  14  0:49  Drone  
  14  0:52  Drone  
  15  1:00  Drone  
  15  1:03  Drone  
  17  1:22  Spawning Pool  
  17  1:23  Extractor  
  17  1:25  Drone  
  15  1:26  Extractor  
  15  1:31  Drone  
  15  1:35  Drone  
  16  1:46  Drone  
  17  1:55  Drone  
  17  1:58  Drone  
  19  2:23  Drone x2  
  21  2:38  Evolution Chamber  
  21  2:39  Evolution Chamber  
  19  2:45  Drone x2, Hatchery  
  20  2:54  Lair  
  20  2:58  Drone  
  21  3:03  Drone  
  22  3:11  Zerg Melee Weapons Level 1  
  22  3:23  Zerg Ground Armor Level 1  
  22  3:29  Overlord  
  22  3:36  Overlord  
  22  3:42  Overlord  
  22  3:53  Zergling x4  
  24  3:58  Queen  
  26  4:03  Zergling x2  
  26  4:05  Drone  
  28  4:13  Zergling x2  
  28  4:15  Drone  
  30  4:31  Zergling x2  
  30  4:34  Queen  
  30  4:35  Spore Crawler  
  30  4:37  Queen  
  34  4:41  Zergling x2  
  34  4:43  Drone  
  36  4:45  Drone  
  36  4:49  Drone  
  38  5:00  Zergling x4  
  39  5:14  Zergling x2  
  39  5:16  Drone x2, Zergling x2  
  42  5:25  Zergling x2  
  41  5:29  Queen  
  41  5:34  Zergling x2  
  41  5:35  Zergling x2  
  45  5:42  Hydralisk Den  
  44  5:44  Zerg Missile Weapons Level 1  
  44  5:46  Zergling x2  
  46  5:50  Drone  
  46  5:53  Zergling x2  
  46  5:54  Zergling x2  
  48  6:05  Queen  
  50  6:18  Hydralisk  
  52  6:20  Muscular Augments  
  52  6:21  Overlord  
  52  6:22  Overlord x3  
  49  6:44  Hydralisk x3  
  49  6:45  Hydralisk  
  49  6:46  Hydralisk  
  53  7:04  Hydralisk  
  53  7:05  Hydralisk x2  
  51  7:23  Drone, Hydralisk x3  
  51  7:24  Hydralisk  
  42  7:37  Hydralisk  
  42  7:42  Spawning Pool  
  36  7:54  Drone  
  32  8:16  Hydralisk x2  
  36  8:29  Drone  
  36  8:30  Drone x3  
  40  8:37  Drone  
  41  8:47  Drone  
  38  9:28  Hatchery  
  37  9:49  Drone x5  
  37  9:50  Drone  
  43  10:27  Hydralisk x5  
  53  10:46  Hydralisk x2  
  53  10:48  Drone  
  58  10:56  Drone  
  59  11:08  Drone  
  60  11:15  Lurker Den  
  59  11:27  Extractor  
  59  11:28  Extractor, Hydralisk x2  
  37  11:49  Hydralisk x2  
  39  11:57  Hydralisk  
  41  12:05  Hydralisk  
  41  12:06  Drone x2  
  41  12:07  Drone  
  46  12:27  Lurker  
  46  12:28  Lurker  
  46  12:29  Hatchery, Drone x2  
  49  12:34  Zerg Missile Weapons Level 2  
  49  13:12  Hydralisk x3, Lurker x4  
  50  13:25  Overseer x2  
  47  13:28  Spore Crawler  
  47  13:33  Drone x3  
  47  13:45  Drone x2  
  38  14:09  Drone  
  34  14:10  Drone  
  34  14:12  Spore Crawler  
  34  14:13  Spine Crawler  
  32  14:20  Hydralisk  
  34  14:30  Hatchery  
  33  14:39  Drone x3  
  33  14:45  Hydralisk  
  36  14:48  Lurker  
  39  14:58  Hydralisk  
  41  15:07  Infestation Pit  
  41  15:10  Drone  
  41  15:12  Drone  
  42  15:28  Lurker x2  
  44  15:31  Drone x2  
  44  15:32  Hydralisk  
  39  16:00  Drone x5  
Show
View Real Time Build Order
Export as new Build Order

Massa Terran 

Build Orders:  

Get SALT Encoding   

  12  0:00  SCV  
  13  0:12  SCV  
  14  0:21  Supply Depot  
  14  0:25  SCV  
  15  0:42  SCV  
  16  0:44  Barracks  
  16  0:54  SCV  
  17  0:58  Refinery  
  17  1:06  SCV  
  18  1:30  Command Center  
  18  1:33  Orbital Command  
  18  1:43  Supply Depot  
  18  1:44  Marine  
  19  2:03  SCV  
  20  2:15  Factory  
  20  2:16  Barracks  
  20  2:18  Marine  
  21  2:36  Marine  
  22  2:39  Barracks  
  22  2:41  SCV  
  23  2:45  Orbital Command  
  23  2:53  SCV  
  24  2:59  Barracks Tech Lab  
  24  3:15  Factory Tech Lab  
  24  3:17  Barracks Tech Lab  
  24  3:21  Barracks x2  
  24  3:22  SCV  
  24  3:23  SCV  
  26  3:28  Refinery  
  26  3:30  Marine  
  26  3:32  Marine  
  28  3:35  SCV  
  28  3:39  Siege Tank  
  32  3:57  Marine x3  
  35  4:04  Engineering Bay  
  35  4:10  SCV x2  
  35  4:14  Marine x2  
  35  4:15  Marine  
  36  4:33  Marauder, Marine x3  
  36  4:35  Cyclone  
  44  4:40  Missile Turret  
  44  4:43  Missile Turret  
  44  4:45  Terran Infantry Weapons Level 1  
  44  4:48  Refinery, SCV x2  
  46  5:02  Combat Shield  
  46  5:18  Marine x3  
  46  5:27  Supply Depot  
  46  5:28  Supply Depot  
  46  5:31  Barracks Tech Lab  
  46  5:44  Armory  
  46  5:48  SCV, Marine x4  
  46  5:49  Cyclone  
  54  5:53  Supply Depot  
  54  5:54  Marine  
  56  5:57  SCV  
  56  6:01  SCV  
  57  6:06  Marine x4  
  57  6:09  SCV  
  62  6:15  SCV, Marine  
  64  6:21  SCV, Stimpack  
  64  6:24  Marine x4  
  69  6:37  Concussive Shells  
  69  6:39  Terran Infantry Armor Level 1  
  69  6:42  Supply Depot  
  69  6:43  Supply Depot  
  69  6:44  Supply Depot  
  69  6:45  Supply Depot  
  69  6:51  Siege Tank  
  68  7:08  Supply Depot  
  68  7:13  Marine  
  68  7:14  Marauder x2, Marine x2  
  47  7:31  Marine x3  
  50  7:44  Marauder x2  
  54  7:49  Marine x3  
  57  7:53  Orbital Command  
  57  8:05  Marauder, Marine  
  60  8:07  Marine x3  
  63  8:19  SCV x2  
  65  8:22  Marine  
  65  8:25  Marine x2  
  30  9:13  Marauder  
  30  9:14  Marine x4  
  34  9:18  Siege Tank  
  29  9:32  Marine x4  
  29  9:35  Marauder  
  29  9:38  SCV x2  
  31  9:49  Marine x3  
  31  9:50  SCV, Marine, Siege Tank  
  39  9:53  Missile Turret  
  39  9:56  Marine  
  32  10:07  Marine x2  
  33  10:22  Marine x2  
  33  10:25  Marine  
  33  10:26  Siege Tank  
  33  10:28  Barracks Reactor  
  39  10:29  Terran Infantry Weapons Level 2  
  39  10:39  Starport  
  39  10:44  Marine  
  41  10:51  Marine x2  
  43  10:57  Barracks Tech Lab  
  43  11:01  Marine  
  43  11:09  Marine x2  
  45  11:19  Marauder, Marine x3  
  50  11:27  Marine x2  
  50  11:31  Medivac  
  54  11:40  Marauder  
  37  12:01  Marauder  
  37  12:04  SCV x2  
  41  12:13  Medivac  
  43  12:23  Barracks Tech Lab, Marauder  
  43  12:27  Barracks Tech Lab  
  45  12:35  Siege Tank  
  48  12:41  SCV  
  48  12:42  SCV  
  48  12:43  Medivac  
  52  12:44  Marauder  
  53  12:54  SCV x2  
  31  13:02  Marauder x2, Marine  
  34  13:06  Marauder  
  34  13:09  Marine  
  34  13:10  Marine  
  38  13:19  Marine  
  38  13:23  Marauder x2  
  38  13:26  Marine  
  43  13:27  Marine x2  
  46  13:37  Marine  
  47  13:44  Marauder, Marine x2  
  47  13:45  Marine  
  52  13:49  Marine  
  52  13:55  Marine, Siege Tank  
  61  14:02  Marauder  
  61  14:03  Marauder, Marine  
  61  14:06  Marauder  
  61  14:07  Marine  
  65  14:24  Marauder  
  67  14:27  SCV x2  
  67  14:29  Refinery  
  69  14:32  Refinery  
  69  14:36  Missile Turret  
  69  14:39  SCV x2  
  71  14:51  SCV x2  
  73  14:59  Siege Tank  
  76  15:04  SCV  
  76  15:06  Marauder x2  
  81  15:24  Marauder, Marine  
  81  15:27  Marauder x2  
  60  15:59  Marauder x2, Marine x2  
  60  16:00  Marauder  
  50  16:21  Marauder  
Show
View Real Time Build Order
Export as new Build Order

Sego Zerg - Winner!

Build Orders: Hatch First 

Get SALT Encoding   

  12  0:00  Drone  
  13  0:11  Overlord  
  13  0:16  Drone  
  14  0:30  Drone  
  14  0:31  Drone  
  16  0:53  Drone  
  16  0:54  Hatchery, Drone  
  17  1:01  Drone  
  18  1:12  Spawning Pool  
  18  1:15  Drone  
  18  1:27  Drone  
  18  1:29  Extractor  
  18  1:41  Overlord  
  18  1:44  Drone  
  19  1:54  Drone  
  20  2:00  Queen  
  22  2:04  Drone  
  22  2:06  Queen  
  26  2:08  Drone  
  26  2:13  Drone  
  27  2:20  Drone  
  28  2:25  Drone  
  29  2:30  Drone  
  29  2:31  Metabolic Boost  
  30  2:37  Drone  
  30  2:42  Drone  
  32  2:45  Overlord  
  32  2:55  Drone x2  
  34  3:02  Hatchery  
  34  3:05  Drone x2  
  35  3:06  Queen  
  35  3:10  Baneling Nest  
  36  3:15  Drone x4  
  40  3:20  Overlord  
  40  3:24  Overlord  
  40  3:28  Drone  
  40  3:29  Drone x2  
  43  3:43  Drone x2  
  43  3:44  Drone x2  
  43  3:46  Extractor  
  43  3:47  Extractor  
  45  3:49  Extractor  
  44  3:57  Overlord x2  
  44  3:58  Zergling x2  
  44  3:59  Zergling x6  
  48  4:13  Drone  
  49  4:24  Drone x4  
  49  4:25  Drone  
  49  4:29  Lair  
  54  4:32  Drone  
  54  4:33  Drone x2  
  57  4:46  Drone x5  
  62  4:55  Drone x3  
  65  5:00  Baneling x3  
  65  5:01  Zergling x2  
  65  5:02  Zergling x8  
  70  5:09  Zergling x4  
  70  5:10  Zergling x6  
  66  5:23  Drone x4  
  66  5:24  Drone  
  66  5:28  Baneling x3  
  70  5:29  Drone x3  
  70  5:30  Drone  
  70  5:35  Centrifical Hooks  
  74  5:41  Evolution Chamber, Overlord  
  74  5:42  Evolution Chamber  
  72  5:56  Drone x2, Hatchery  
  72  5:57  Drone  
  74  6:02  Overlord  
  74  6:11  Baneling x2  
  74  6:12  Baneling x5  
  74  6:13  Baneling  
  74  6:14  Zergling x2  
  74  6:15  Zergling x14  
  82  6:22  Zergling x6  
  82  6:25  Zerg Ground Armor Level 1, Zerg Melee Weapons Level 1  
  85  6:31  Zergling x6  
  87  6:40  Zergling x4  
  87  6:41  Zergling x2  
  89  6:49  Baneling x2  
  89  6:50  Baneling x6  
  89  6:51  Baneling x3  
  89  6:53  Overlord x2  
  89  6:58  Zergling x2  
  73  7:34  Zergling x2  
  73  7:35  Zergling x22  
  76  7:41  Infestation Pit  
  76  7:42  Extractor  
  76  7:43  Zergling x6  
  77  7:44  Extractor  
  77  7:47  Drone x4  
  80  7:57  Baneling x7  
  80  7:58  Baneling x8, Zergling x2  
  81  7:59  Zergling x6  
  81  8:01  Extractor  
  83  8:05  Zergling x2, Overlord  
  84  8:14  Hatchery, Drone x2  
  84  8:15  Extractor  
  84  8:17  Queen x2  
  84  8:19  Pathogen Glands  
  88  8:20  Zerg Ground Armor Level 2, Zerg Melee Weapons Level 2  
  88  8:23  Drone x4  
  92  8:35  Spore Crawler  
  92  8:39  Zergling x2  
  92  8:40  Zergling x14  
  98  8:43  Baneling x16  
  98  8:44  Baneling x2, Zergling x2  
  98  8:45  Zergling x2  
  100  8:48  Zergling x2  
  100  8:49  Spine Crawler, Zergling x4  
  79  9:11  Zergling x2  
  79  9:12  Zergling x24  
  79  9:14  Baneling x8  
  88  9:26  Zergling x10  
  88  9:27  Zergling x2  
  91  9:39  Zergling x18  
  91  9:43  Hive  
  100  9:50  Drone  
  100  9:51  Drone x6  
  107  9:55  Extractor  
  92  10:11  Zergling x20  
  97  10:15  Zergling x10  
  98  10:22  Baneling  
  98  10:23  Baneling x13  
  98  10:24  Zergling x8  
  102  10:31  Drone  
  102  10:32  Drone x3  
  106  10:39  Spine Crawler  
  106  10:42  Zergling x10  
  110  11:04  Zergling x2  
  110  11:05  Zergling x22  
  110  11:08  Overlord x2  
  120  11:28  Infestor x4  
  120  11:29  Infestor x3  
  120  11:32  Baneling x8  
  129  11:34  Baneling  
  103  11:55  Zergling x14  
  103  11:56  Zergling x18  
  119  12:01  Zerg Melee Weapons Level 3  
  119  12:10  Zerg Ground Armor Level 3  
  119  12:21  Baneling x8  
  119  12:22  Baneling x6  
  119  12:27  Drone x5  
  124  12:31  Overseer  
  124  12:42  Ultralisk Cavern  
  113  13:04  Zergling x2  
  113  13:05  Zergling x38  
  125  13:06  Zergling x6  
  124  13:21  Infestor x5  
  134  13:30  Spine Crawler, Spore Crawler  
  134  13:33  Spine Crawler  
  124  13:49  Hatchery  
  124  13:51  Ultralisk  
  124  13:52  Ultralisk x2  
  131  14:09  Ultralisk  
  126  14:10  Zergling x2, Ultralisk  
  126  14:13  Overlord x2  
  126  14:14  Overlord  
  131  14:20  Infestor x2  
  133  14:27  Baneling x4  
  133  14:33  Infestor x4  
  133  14:34  Infestor x2  
  145  14:41  Drone  
  145  14:42  Drone x6  
  152  14:46  Adrenal Glands  
  152  14:56  Burrow  
  152  15:09  Baneling  
  152  15:10  Baneling  
  152  15:11  Overlord x4  
  152  15:22  Overseer  
  152  15:25  Ultralisk  
  158  15:32  Ultralisk x2  
  158  15:33  Ultralisk  
  137  16:03  Ultralisk  
  137  16:04  Ultralisk x4  
  161  16:09  Zergling x14  
  158  16:29  Overseer  
Show
View Real Time Build Order
Export as new Build Order

Liken Protoss - Winner!

Build Orders:  

Get SALT Encoding   

  12  0:00  Probe  
  13  0:12  Probe  
  14  0:18  Pylon  
  14  0:25  Probe  
  15  0:37  Probe (Chrono Boost)  
  15  0:40  Gateway  
  16  0:46  Probe (Chrono Boost)  
  17  0:51  Probe (Chrono Boost), Assimilator  
  18  0:58  Assimilator  
  18  1:03  Probe  
  19  1:13  Forge  
  19  1:15  Probe  
  20  1:23  Assimilator  
  20  1:27  Pylon  
  20  1:31  Probe  
  21  1:42  Pylon  
  21  1:48  Photon Cannon  
  21  1:55  Photon Cannon  
  21  2:10  Pylon  
  21  2:15  Cybernetics Core  
  21  2:22  Probe  
  22  2:33  Pylon  
  22  2:48  Probe  
  23  2:52  Stargate  
  23  2:58  Shield Battery x2  
  23  3:00  Probe  
  24  3:11  Shield Battery  
  24  3:23  Stargate  
  24  3:27  Shield Battery  
  24  3:40  Photon Cannon, Void Ray (Chrono Boost)  
  24  3:41  Warp Gate  
  28  4:00  Probe, Shield Battery  
  29  4:03  Void Ray (Chrono Boost)  
  29  4:09  Void Ray (Chrono Boost)  
  37  4:35  Void Ray (Chrono Boost)  
  37  4:36  Gateway  
  41  5:05  Twilight Council  
  41  5:07  Void Ray  
  41  5:09  Nexus  
  41  5:11  Pylon x2  
  45  5:29  Void Ray  
  49  5:37  Charge (Chrono Boost)  
  45  6:26  Probe  
  45  6:28  Void Ray  
  45  6:30  Photon Cannon  
  45  6:32  Shield Battery  
  46  6:33  Probe  
  46  6:35  Assimilator  
  46  6:38  Probe  
  52  6:40  Assimilator  
  52  6:41  Gateway  
  52  6:49  Gateway  
  52  6:50  Probe, Gateway  
  52  7:03  Probe  
  53  7:13  Probe  
  53  7:15  Probe  
  55  7:16  Void Ray  
  59  7:25  Probe  
  59  7:26  Zealot  
  62  7:35  Protoss Ground Weapons Level 1 (Chrono Boost)  
  62  7:45  Dark Shrine  
  62  7:53  Probe  
  62  8:07  Pylon  
  62  8:10  Pylon  
  62  8:13  Pylon  
  62  8:26  Probe x2  
  62  8:32  Zealot x4  
  70  8:38  Probe x2  
  70  8:40  Robotics Facility  
  72  8:42  Robotics Facility  
  72  8:50  Probe x2  
  74  9:02  Probe x2  
  68  9:11  Zealot x4  
  68  9:14  Probe x2  
  78  9:27  Probe x2  
  76  9:39  Probe x2  
  76  9:44  Robotics Bay  
  78  9:47  Pylon  
  78  9:48  Pylon  
  78  9:51  Pylon  
  78  9:54  Robotics Facility  
  78  10:05  Probe x2  
  80  10:14  Zealot x2  
  80  10:15  Zealot x2  
  80  10:17  Probe x2  
  90  10:29  Probe x2  
  90  10:32  Colossus  
  94  10:45  Probe x2  
  94  10:47  Colossus  
  102  11:07  Nexus  
  102  11:15  Pylon  
  102  11:17  Extended Thermal Lance (Chrono Boost)  
  102  11:18  Pylon  
  102  11:20  Pylon  
  102  11:22  Pylon  
  102  11:33  Colossus  
  102  11:34  Observer  
  109  11:40  Colossus  
  115  11:53  Probe x2  
  117  11:54  Colossus  
  117  11:57  Protoss Ground Weapons Level 2 (Chrono Boost)  
  117  11:58  Pylon  
  117  12:00  Pylon  
  123  12:02  Pylon  
  123  12:03  Zealot x2  
  123  12:05  Probe x2  
  129  12:17  Probe x2  
  129  12:18  Assimilator  
  129  12:21  Dark Templar  
  133  12:24  Assimilator  
  133  12:27  Colossus (Chrono Boost), Dark Templar  
  141  12:43  Gateway  
  141  12:44  Gateway  
  141  12:46  Gateway  
  141  12:55  Colossus x2 (Chrono Boost)  
  141  13:01  Shadow Stride (Chrono Boost)  
  141  13:02  Gravitic Drive  
  141  13:04  Blink (Chrono Boost)  
  153  13:12  Templar Archives  
  153  13:17  Pylon  
  153  13:18  Warp Prism  
  155  13:25  Probe x2  
  157  13:31  Photon Cannon  
  157  13:34  Photon Cannon  
  157  13:38  Shield Battery  
  157  13:41  Photon Cannon  
  157  13:47  Psionic Storm  
  155  13:52  High Templar x6  
  155  13:53  High Templar  
  169  14:04  Forge  
  169  14:14  Gateway  
  169  14:17  Gateway  
  169  14:18  Gateway  
  169  14:26  Forge  
  169  14:38  High Templar x3  
  171  14:39  High Templar x3  
  171  14:44  Archon x2  
  181  14:51  Pylon  
  181  14:52  Archon  
  181  15:07  Nexus  
  181  15:08  Pylon  
  181  15:12  Pylon  
  181  15:20  Dark Templar  
  183  15:23  Dark Templar  
  183  15:24  Dark Templar  
  183  15:26  Dark Templar  
  190  15:42  Probe  
  190  15:46  Photon Cannon  
  190  15:47  Photon Cannon  
  190  15:48  Photon Cannon  
  190  15:49  Photon Cannon  
  190  15:51  Shield Battery  
  190  15:58  Zealot  
  190  15:59  Zealot x3  
  190  16:00  Zealot  
Tags
 
Add a new tag
Caveats
  • Supply blocks, unpowered buildings, or Contaminate may cause inaccurate times.
  • Supply counts are checked every 10 seconds.